 Dungeon Crawl Stone Soup version 0.29-a0-1052-g6990b1bffc (webtiles) character file.

Game seed: 4844407367403056291

28 Zeldest the Covert (level 3, -1/23 HPs)
             Began as a Vampire Delver on Aug 18, 2022.
             Slain by a river rat (4 damage)
             ... on level 5 of the Dungeon.
             The game lasted 00:01:54 (247 turns).

Zeldest the Covert (Vampire Delver)                  Turns: 247, Time: 00:01:55

Health: -1/23      AC:  3    Str:  9 (11) XL:     3   Next: 0%
Magic:  3/3        EV: 12    Int: 10 (12) God:
Gold:   0          SH:  0    Dex: 15 (17) Spells: 2/2 levels left

rFire   . . .      SeeInvis +   a - +0 short sword
rCold   + + .      Faith    .   (no shield)
rNeg    + + +      Spirit   .   b - +0 leather armour
rPois   ∞          Reflect  .   (no helmet)
rElec   .          Harm     .   (no cloak)
rCorr   .          Rampage  .   (no gloves)
Will    .....                   (no boots)
Stlth   +++.......              (no amulet)
HPRegen 0.00/turn               (no ring)
MPRegen 0.08/turn               (no ring)

@: bloodless, inhibited regen, very slow
A: bloodless, fangs 3, see invisible, vampiric 2
a: Bat Form, Revivify


You were on level 5 of the Dungeon.
You visited 1 branch of the dungeon, and saw 1 of its levels.

Inventory:

Hand Weapons
 a - a +0 short sword (weapon)
Armour
 b - a +0 leather armour (worn)
Wands
 g - a wand of digging (3)
Scrolls
 c - a scroll of fog
 d - a scroll of magic mapping


   Skills:
 + Level 3.0 Fighting
 + Level 2.7 Short Blades
 - Level 2.1 Dodging
 * Level 8.0 Stealth


You had 2 spell levels left.
You didn't know any spells.
Your spell library was empty.

Dungeon Overview and Level Annotations

Branches:
Dungeon (5/15)
 Temple: D:4-7

Altars:

Portals:
Sewer: D:5


Innate Abilities, Weirdness & Mutations

You do not regenerate when monsters are visible.
You are frail without blood (-20% HP).
You can heal yourself when you bite living creatures.
You are immune to poison.
You have razor-sharp teeth.
You have supernaturally acute eyesight. (SInv)
You are afflicted with vampirism and can become a bat while bloodless.


Message History

You hit the worm but do no damage.
The worm is lightly wounded.
The worm bites you! The rat bites you. The rat misses you. The rat misses you.
You hit the orc wizard but do no damage.
The rat misses you.
The orc shouts!
You hit the worm but do no damage.
The orc wizard casts a spell.
The orc wizard flickers and vanishes for a moment.
Your extra speed is starting to run out.
A rat comes into view.
A river rat, a worm and a rat come into view.
A rat and an adder come into view.
The rat bites you.
You feel yourself slow down.
A worm comes into view.
A river rat comes into view.
Found a glowing drain.
You feel less batty.
Your +0 short sword unmelds from your body.
Your +0 leather armour unmelds from your body.
Splash!
You fall into the shallow water.
Moving in this stuff is going to be slow.
The river rat closely misses you.
You hit the river rat.
The river rat is moderately wounded.
The river rat misses you.
Your unstable footing causes you to fumble your attack.
You hear the rusting of a drain.
Your unstable footing causes you to fumble your attack.
The river rat bites you.
* * * LOW HITPOINT WARNING * * *
You closely miss the river rat.
The river rat is moderately wounded.
The river rat bites you.
You die...

#.##.#######.# #.##.#
#####.###
#.##.###......[.
#........#.....#
####..........##
##.######.## ###.###
#.# #########~†...#
#.# #~~w~@r∩#~~~..#
#.# ##~#######~#...#
#W#
#~~~~~~~r#~~~..####.#
########~#~#o....##J#
#~~~~~#~o~~.#..#†#
#~rw~#~#~#w#~o.##...#
######r#~#~#~..# #..#
#r~~S~~#~~~#...# #..#
############...# ....


You could see a worm and a river rat.

Vanquished Creatures
  2 adders (D:5)
  A river rat (D:5)
3 creatures vanquished.

Notes
Turn   | Place    | Note
-------+----------+-------------------------------------------
     0 | D:5      | Zeldest the Vampire Delver began the quest for the Orb.
     0 | D:5      | Reached XP level 1. HP: 17/17 MP: 1/1
    33 | D:5      | Reached XP level 2. HP: 13/18 MP: 2/2
   154 | D:5      | Noticed a phantom
   168 | D:5      | Reached skill level 8 in Stealth
   168 | D:5      | Gained mutation: You are afflicted with vampirism and can
                  | become a bat while bloodless. [Vampire growth]
   168 | D:5      | Reached XP level 3. HP: 20/23 MP: 3/3
   238 | D:5      | Found a glowing drain.
   247 | D:5      | Slain by a river rat

Illustrated notes

Levels and vault maps discovered:
D:5:      layout_loops_corners, lightli_sewer_entry_pipes, uniq_pikel,
          uniq_grinder

Skill      XL: |  1  2 |
---------------+-------+-----
Fighting       | 3 |  3.0
Stealth        | 8 |  8.0
Short Blades   | |  2.7
Dodging        | |  2.1

Action                   || total
-------------------------++-------
Melee: Short sword       ||    20
       Bite              ||     4
       Unarmed           ||     6
 Abil: Exsanguinate      ||     1
       End Transformatio ||     1
       Bat Form          ||     1
  Use: Scroll            ||     1
       Potion            ||     1
 Stab: Sleeping          ||     2
Armor: Leather armour    ||     1
Dodge: Dodged            ||    15

Table legend: (Time is in decaauts)
 A = Elapsed time spent in this place.
 B = Non-inter-level travel time spent in this place.
 C = Inter-level travel time spent in this place.
 D = Time resting spent in this place.
 E = Time spent auto-exploring this place.
 F = Levels seen in this place.
 G = Mean time per level.
                   A        B        C        D        E       F      G
               +--------+--------+--------+--------+--------+-----+--------+
         Total |    204 |    204 |      0 |      0 |      0 |   1 |  204.0 |
       Dungeon |    204 |    204 |      0 |      0 |      0 |   1 |  204.0 |
               +--------+--------+--------+--------+--------+-----+--------+

Top non-repeatable levels by time:
     D:5: 204 daAuts
